 Dungeon Crawl Stone Soup version 0.26.1-10-gdfb7c7de75 (webtiles) character file.

Game seed: 15351948102760888175

32 phalm the Grave Robber (level 3, -7/16 HPs)
             Began as a Vampire Necromancer on Apr 3, 2021.
             Mangled by Sigmund
             ... wielding a +0 scythe
              (11 damage)
             ... on level 2 of the Dungeon.
             The game lasted 00:04:41 (1193 turns).

phalm the Grave Robber (Vampire Necromancer)        Turns: 1193, Time: 00:04:41

Health: -7/16      AC:  3    Str:  7    XL:     3   Next: 8%
Magic:  5/6        EV: 13    Int: 17    God:
Gold:   64         SH:  0    Dex: 15    Spells: 1/6 levels left

rFire    . . .     SeeInvis +   i - +0 short sword
rCold    + + .     Faith    .   (no shield)
rNeg     + + +     Spirit   .   a - +0 robe
rPois    ∞         Reflect  .   c - +0 helmet
rElec    .         Harm     .   (no cloak)
rCorr    .         Rampage  .   (no gloves)
Will     .....                  (no boots)
Stlth    ++++......             (no amulet)
HPRegen  0.00/turn              (no ring)
MPRegen  0.10/turn              (no ring)

@: bloodless
A: fangs 3, see invisible, [frail 1], unbreathing
a: Bat Form, Revivify


You were on level 2 of the Dungeon.
You visited 1 branch of the dungeon, and saw 2 of its levels.

You collected 64 gold pieces.

Inventory:

Hand Weapons
 i - a +0 short sword (weapon)
Armour
 a - a +0 robe (worn)
 c - a +0 helmet (worn)
Scrolls
 d - 2 scrolls of teleportation {unknown}
 e - 3 scrolls of identify {unknown}
 f - a scroll of remove curse {unknown}
 h - a scroll of enchant weapon {unknown}
Potions
 b - a potion of haste {unknown}
 g - 2 potions of attraction {unknown}
 j - a potion of lignification {unknown}


   Skills:
 + Level 0.1 Short Blades
 + Level 2.7 Dodging
 + Level 3.7 Stealth
 + Level 2.3 Spellcasting
 * Level 4.7 Necromancy


You had one spell level left.
You knew the following spells:

 Your Spells              Type           Power        Failure   Level
a - Pain                  Necr           72%          2%          1
b - Animate Skeleton      Necr           36%          2%          1
c - Vampiric Draining     Necr           9%           8%          3

Your spell library contained the following spells:

 Spells                   Type           Power        Failure   Level
 Animate Dead             Necr           9%           26%         4
 Agony                    Necr           18%          58%         5


Dungeon Overview and Level Annotations

Branches:
Dungeon (2/15)

Altars:

Annotations:
D:2 Sigmund


Innate Abilities, Weirdness & Mutations

You do not regenerate when monsters are visible.
You are frail without blood (-20% HP).
You can heal yourself when you bite living creatures.
You are immune to poison.
You have razor-sharp teeth.
You have supernaturally acute eyesight. (SInv)
You can survive without breathing.
[You are frail. (-10% HP)]


Message History

You bump into the rock wall.
Sigmund hits you with a +0 scythe.
* * * LOW HITPOINT WARNING * * *
You closely miss Sigmund.
Sigmund is heavily wounded.
You hit Sigmund but do no damage. Your bite misses Sigmund.
Sigmund is heavily wounded.
Sigmund barely misses you.
You hit Sigmund but do no damage. Your bite misses Sigmund.
Sigmund is heavily wounded.
Sigmund smiles chillingly.
Sigmund barely misses you.
You bump into the rock wall.
Sigmund casts a spell at you. You resist with some effort.
You hit Sigmund.
Sigmund is heavily wounded.
You feel less confused. Sigmund hits you with a +0 scythe!
Ouch! That really hurt!
You die...

##...## ##.....##
..#.#.# ##...)...##
.....###.........#
......'.........+
.>.###.........#
#..# ##.......##
##.#.# ##.....##
#@##.######...####
#@#......#........#
#.##.#.##.#.##.###.#
## #.#.##.#.##.##...
#.#.##.#.##....##
#[#..........#.#
#.####.#.......##
#.# #.#......... #..
..####..####


You could see Sigmund (invisible).

Vanquished Creatures
  2 dart slugs (D:1)
  A leopard gecko (D:1)
  An orc (D:2)
  5 goblins (D:1)
  2 hobgoblins (D:1)
  2 bats (D:1)
  4 frilled lizards (D:1)
  4 kobolds
  5 rats (D:1)
26 creatures vanquished.

Vanquished Creatures (collateral kills)
  A goblin (D:2)
1 creature vanquished.

Grand Total: 27 creatures vanquished

Notes
Turn   | Place    | Note
-------+----------+-------------------------------------------
     0 | D:1      | phalm the Vampire Necromancer began the quest for the Orb.
     0 | D:1      | Reached XP level 1. HP: 13/13 MP: 3/3
    47 | D:1      | Learned a level 1 spell: Animate Skeleton
   190 | D:1      | Reached XP level 2. HP: 5/17 MP: 1/5
  1040 | D:2      | Reached XP level 3. HP: 16/16 MP: 4/6
  1183 | D:2      | Learned a level 3 spell: Vampiric Draining
  1184 | D:2      | Noticed Sigmund
  1193 | D:2      | Mangled by Sigmund

Illustrated notes

Levels and vault maps discovered:
D:1:      wander_arrival_desolate, layout_rooms, serial_bayou_pond_e,
          minivault_14
D:2:      layout_loops_corners, uniq_sigmund

Action                   || total
-------------------------++-------
Melee: Unarmed           ||    32
       Bite              ||     6
       Short sword       ||     6
 Cast: Pain              ||    40
       Animate Skeleton  ||     9
 Abil: Exsanguinate      ||     2
       Revivify          ||     1
 Stab: Sleeping          ||     1
Armor: Robe              ||     8
Dodge: Dodged            ||    29
